Map: Ice and Chrome LE

Players

maomao - Winner!

  • Race: Zerg Zerg
  • League: Gold
  • Spawn Location: 7:00

A.I. 1 (Harder)

  • Race: Protoss Protoss
  • Spawn Location: 1:00

VOD

Have the link to the VOD?

Description

Time

  • Played on: June 12, 2020, 3:28 p.m.
  • Length: 11:41
Show
View Real Time Build Order
Export as new Build Order

maomao Zerg - Winner!

Build Orders: Hatch First, Lurkers, Roach Hydra 

Get SALT Encoding   

  12  0:01  Drone  
  13  0:12  Overlord  
  13  0:16  Drone  
  14  0:31  Drone x2  
  16  0:51  Hatchery  
  16  0:54  Drone  
  16  0:56  Drone  
  17  0:59  Drone  
  18  1:10  Extractor  
  17  1:15  Spawning Pool  
  17  1:17  Drone  
  17  1:20  Drone  
  18  1:28  Drone  
  19  1:41  Drone  
  20  1:49  Overlord  
  20  2:03  Queen x2  
  20  2:04  Zergling x4  
  26  2:13  Metabolic Boost  
  26  2:15  Drone x2  
  28  2:23  Drone  
  28  2:24  Drone  
  30  2:34  Overlord  
  31  2:37  Drone  
  31  2:42  Queen  
  33  2:47  Queen  
  33  2:49  Overlord  
  35  2:52  Drone  
  35  2:55  Drone  
  37  3:00  Drone  
  37  3:05  Drone  
  39  3:09  Drone  
  40  3:14  Drone  
  40  3:15  Drone x4  
  40  3:16  Drone  
  46  3:29  Extractor  
  46  3:31  Extractor  
  44  3:34  Evolution Chamber  
  44  3:35  Roach Warren  
  44  3:36  Lair  
  44  3:40  Overlord  
  42  3:43  Drone  
  42  3:44  Drone  
  42  3:46  Drone  
  45  3:49  Drone  
  45  3:52  Drone  
  45  3:53  Drone  
  45  3:55  Drone  
  49  3:57  Drone  
  49  4:00  Overlord  
  50  4:05  Zerg Missile Weapons Level 1  
  50  4:19  Roach x2  
  50  4:20  Roach x3  
  50  4:22  Roach  
  62  4:33  Glial Reconstitution  
  62  4:41  Overlord  
  62  4:42  Overlord  
  62  4:54  Extractor  
  62  4:57  Hydralisk Den  
  60  5:04  Drone  
  60  5:05  Drone x5  
  66  5:29  Hydralisk x3  
  66  5:30  Hydralisk  
  74  5:43  Hatchery  
  74  5:44  Overlord x2  
  74  5:46  Roach x4  
  81  5:59  Hydralisk  
  81  6:00  Overlord  
  81  6:01  Overlord  
  83  6:05  Hydralisk x2  
  83  6:06  Hydralisk  
  89  6:18  Overlord x3  
  89  6:22  Zerg Missile Weapons Level 2  
  89  6:25  Grooved Spines  
  87  6:55  Overlord x2, Hydralisk  
  87  6:56  Hydralisk x7  
  103  7:05  Lurker Den  
  102  7:18  Drone  
  102  7:19  Drone x10  
  102  7:20  Drone  
  114  7:38  Extractor  
  114  7:42  Extractor  
  114  7:44  Hydralisk x3  
  112  7:45  Roach  
  112  7:46  Roach x3  
  126  7:53  Muscular Augments  
  126  8:06  Roach x6  
  138  8:19  Roach x6  
  150  8:26  Lurker x3  
  153  8:32  Lurker  
  154  8:38  Lurker, Zerg Ground Armor Level 1  
  155  8:51  Lurker  
  155  8:52  Lurker  
  157  9:02  Roach x2  
  161  9:03  Overlord  
  161  9:04  Overlord x2  
  163  9:38  Roach x2  
  163  9:39  Roach x8  
  163  9:40  Roach x2  
  163  9:41  Overlord x5  
  171  10:15  Hydralisk x2  
  171  10:16  Hydralisk x2  
  171  10:17  Roach x6  
  171  10:18  Roach x4  
  191  10:58  Hydralisk x4  
Show
View Real Time Build Order
Export as new Build Order

A.I. 1 (Harder) Protoss 

Build Orders:  

Get SALT Encoding   

  12  0:00  Probe  
  13  0:13  Probe  
  14  0:19  Pylon  
  14  0:25  Probe  
  15  0:34  Probe  
  15  0:42  Probe  
  16  0:47  Assimilator  
  17  0:51  Gateway  
  17  0:52  Probe  
  18  1:00  Probe  
  18  1:01  Pylon  
  19  1:19  Probe  
  20  1:38  Zealot  
  22  1:41  Gateway  
  22  1:44  Cybernetics Core  
  22  1:45  Assimilator  
  22  2:00  Pylon  
  22  2:10  Stalker  
  22  2:11  Warp Gate  
  24  2:29  Zealot  
  26  2:38  Pylon  
  26  2:40  Adept  
  28  2:56  Adept  
  30  3:09  Adept  
  32  3:17  Pylon  
  32  3:26  Adept  
  34  3:35  Probe  
  34  3:39  Adept  
  37  3:47  Probe  
  38  3:56  Adept, Forge  
  38  3:59  Probe  
  41  4:05  Pylon  
  41  4:08  Probe  
  41  4:16  Probe  
  42  4:17  Stalker  
  45  4:26  Probe  
  46  4:33  Adept  
  48  4:42  Adept  
  50  4:53  Zealot  
  52  5:52  Stalker, Protoss Ground Weapons Level 1  
  52  5:53  Gateway  
  52  5:56  Photon Cannon  
  54  5:58  Photon Cannon  
  54  6:00  Sentry  
  54  6:01  Pylon, Nexus  
  56  6:08  Zealot  
  58  6:23  Robotics Facility, Stalker  
  60  6:31  Stalker  
  36  6:46  Zealot  
  38  6:54  Zealot  
  40  7:02  Stalker  
  40  7:04  Observer  
  42  7:09  Stalker  
  42  7:13  Probe  
  42  7:14  Probe  
  47  7:17  Zealot  
  49  7:25  Probe, Stalker  
  49  7:26  Probe  
  53  7:33  Stalker  
  53  7:36  Twilight Council  
  55  7:37  Probe  
  55  7:41  Sentry  
  58  7:44  Probe  
  58  7:49  Sentry, Probe  
  62  7:54  Observer  
  62  7:56  Probe  
  62  7:57  Adept  
  66  8:01  Probe, Protoss Ground Armor Level 1  
  66  8:03  Blink  
  66  8:05  Adept  
  69  8:07  Probe  
  69  8:08  Pylon  
  69  8:10  Pylon  
  70  8:13  Probe  
  70  8:15  Probe  
  72  8:22  Probe  
  72  8:23  Stargate, Probe  
  73  8:31  Photon Cannon  
  74  8:38  Photon Cannon  
  74  8:43  Forge  
  74  9:05  Assimilator  
  74  9:10  Assimilator  
  74  9:25  Probe  
  74  9:27  Probe  
  76  9:33  Probe  
  77  9:39  Probe  
  77  9:41  Probe  
  79  9:49  Immortal, Void Ray  
  79  9:50  Zealot  
  79  9:51  Zealot x2  
  85  9:55  Pylon  
  55  10:10  Stalker  
  55  10:11  Zealot  
  52  10:16  Robotics Bay  
  52  10:19  Zealot  
  39  10:48  Pylon  
  28  11:19  Zealot  
  28  11:22  Pylon  
Tags
 
League
Gold
Matchup
PvZ
Spawn Locations
Cross Positions
Add a new tag
Caveats
  • Supply blocks, unpowered buildings, or Contaminate may cause inaccurate times.
  • Supply counts are checked every 10 seconds.